 Dungeon Crawl Stone Soup version 0.21.1-1-g345015fe64 (webtiles) character file.

415 Hercules1031 the Shield-Bearer (level 7, -4/54 HPs)
             Began as a Formicid Fighter on June 11, 2018.
             Was a Follower of Dithmenos.
             Slain by nulman's ghost (11 damage)
             ... on level 5 of the Dungeon.
             The game lasted 00:20:10 (3728 turns).

Hercules1031 the Shield-Bearer (Formicid Fighter)   Turns: 3728, Time: 00:20:11

Health: -4/54      AC: 13    Str: 31 (33) XL:     7   Next: 15%
Magic:  8/8        EV:  8    Int:  6 (8)  God:    Dithmenos [*.....]
Gold:   188        SH: 10    Dex:  6 (9)  Spells: 6/6 levels left

rFire    . . .     SeeInvis +   a - +0 trident
rCold    . . .     Gourm    .   c - +0 shield
rNeg     . . .     Faith    .   q - +1 chain mail of the Kraken {+Inv Str+5 Dex-3 Stlth+}
rPois    .         Spirit   .   (helmet unavailable)
rElec    .         Reflect  .   (no cloak)
rCorr    .         Harm     .   r - +1 pair of gloves {Str+3}
MR       .....                  (no boots)
Stlth    ..........             (no amulet)
HPRegen  0.18/turn              (no ring)
MPRegen  0.11/turn              (no ring)

@: mighty, wreathed by umbra
A: permanent stasis, dig shafts and tunnels, four strong arms, antennae 3
a: Dig, Shaft Self, Renounce Religion, Evoke Invisibility


You were on level 5 of the Dungeon.
You worshipped Dithmenos.
Dithmenos was aware of your devotion.
You were very full.

You visited 1 branch of the dungeon, and saw 5 of its levels.

You collected 188 gold pieces.

Inventory:

Hand Weapons
 a - a +0 trident (weapon)
Armour
 b - a +0 scale mail
 c - a +0 shield (worn)
 p - a +0 chain mail
 q - the +1 chain mail of the Kraken (worn) {+Inv Str+5 Dex-3 Stlth+}
   (You found it on level 4 of the Dungeon)

   It affects your strength (+5).
   It affects your dexterity (-3).
   It lets you turn invisible.
   It makes you more stealthy.
 r - a +1 pair of gloves of strength (worn)
Jewellery
 j - a cursed -2 ring of dexterity {unknown}
Wands
 k - a wand of paralysis (17)
Scrolls
 e - 3 scrolls of remove curse
 g - a scroll of enchant armour {unknown}
 h - 2 scrolls of amnesia {unknown}
 i - 2 scrolls of teleportation {unknown}
 l - a scroll of fog {unknown}
 m - a scroll of noise
 n - 2 scrolls of blinking {unknown}
Potions
 f - 2 potions of flight
Comestibles
 o - 3 rations


   Skills:
 + Level 4.2 Fighting
 * Level 3.0 Polearms
 * Level 5.0 Armour
 + Level 2.1 Dodging
 - Level 1.0 Stealth
 * Level 5.4 Shields
 + Level 1.5 Invocations


You had 6 spell levels left.
You didn't know any spells.

Dungeon Overview and Level Annotations

Branches:
Dungeon (5/15)
 Temple: D:4-7

Altars:
Cheibriados
Dithmenos

Annotations:
D:5 nulman's ghost, novice HOFi


Innate Abilities, Weirdness & Mutations

You cannot be hasted, slowed, berserked, paralysed or teleported.
You can dig through walls and to a lower floor.
Your four strong arms can wield two-handed weapons with a shield.
You have a pair of large antennae on your head. (SInv)


Message History

The hound barely misses you. The hound bites you but does no damage.
The hound barely misses you.
You closely miss the hound.
The hound is moderately wounded.
The hound barely misses you. The hound bites you but does no damage.
The crimson imp blinks!
You hit nulman's ghost.
Nulman's ghost is lightly damaged.
The hound bites you.
* * * LOW HITPOINT WARNING * * *
Nulman's ghost says, "I used to walk on water.
Now I just fly over it."
You block nulman's ghost's attack. The hound bites you but does no damage.
The crimson imp hits you but does no damage.
You hit nulman's ghost but do no damage.
Nulman's ghost is lightly damaged.
The hound bites you.
* * * LOW HITPOINT WARNING * * *
Nulman's ghost hits you!
You die...

. ........####..##
# #### #......>>#
###... #........#
##.....###
##.........
.........###
#...#......
...........##
#..###.....
.........(..####..#
.....
.............##Wh##
....
..............#5@#
#...
..............#..#
##.
................##
.............#..#
.............#.##
...........#####
#........###
####..#### ####


You could see a hound, nulman's ghost and a crimson imp.

Vanquished Creatures
  The ghost of RevoltPassionFreedom the Chopper, a weakling HOMo (D:3)
  2 howler monkeys
  A bullfrog zombie (D:5)
  An iguana (D:5)
  2 worker ants (D:4)
  A hound zombie (D:5)
  A gnoll (D:1)
  A howler monkey skeleton (D:4)
  6 adders
  A shadow imp (D:5)
  An ooze (D:3)
  A worm (D:2)
  3 dart slugs (D:2)
  A leopard gecko (D:3)
  9 orcs
  9 bats
  6 giant cockroaches
  6 hobgoblins
  9 jackals
  A quokka (D:2)
  A frilled lizard (D:5)
  5 goblins
  6 kobolds
  A leopard gecko zombie (D:5)
  3 rats
79 creatures vanquished.

Notes
Turn   | Place    | Note
-------+----------+-------------------------------------------
     0 | D:1      | Hercules1031 the Formicid Fighter began the quest for the Orb.
     0 | D:1      | Reached XP level 1. HP: 18/18 MP: 1/1
   160 | D:1      | Reached XP level 2. HP: 15/24 MP: 2/2
   527 | D:1      | Reached XP level 3. HP: 16/29 MP: 3/3
   839 | D:2      | Found a shadowy altar of Dithmenos.
   892 | D:2      | Became a worshipper of Dithmenos the Shadowed
  1085 | D:2      | Reached skill level 1 in Dodging
  1085 | D:2      | Reached XP level 4. HP: 23/35 MP: 4/4
  1540 | D:3      | Noticed RevoltPassionFreedom's ghost (weakling HOMo)
  1582 | D:3      | Killed RevoltPassionFreedom's ghost
  1582 | D:3      | Reached * piety under Dithmenos
  1582 | D:3      | Reached XP level 5. HP: 11/42 MP: 5/5
  2676 | D:4      | Reached XP level 6. HP: 43/48 MP: 6/6
  2681 | D:4      | Reached skill level 5 in Shields
  2681 | D:4      | Reached skill level 1 in Invocations
  2710 | D:4      | Got a transparent chain mail
  2711 | D:4      | Identified the +1 chain mail of the Kraken {+Inv Str+5 Dex-3 Stlth+} (You found it on level 4 of the Dungeon)
  3184 | D:4      | Found a snail-covered altar of Cheibriados.
  3493 | D:5      | Entered Level 5 of the Dungeon
  3655 | D:5      | Reached XP level 7. HP: 54/54 MP: 8/8
  3694 | D:5      | Reached skill level 5 in Armour
  3694 | D:5      | Reached skill level 1 in Stealth
  3706 | D:5      | Noticed nulman's ghost (novice HOFi)
  3728 | D:5      | Slain by nulman's ghost

Skill      XL: |  1  2  3  4  5  6  7 |
---------------+----------------------+-----
Shields        | 4 5 |  5.4
Dodging        | 1 2 |  2.1
Armour         | 4 5 |  5.0
Fighting       | 4 |  4.2
Invocations    | 1 |  1.5
Polearms       | 3 |  3.0
Stealth        | 1 |  1.0

Action                   |  1- 3 |  4- 6 |  7- 9 || total
-------------------------+-------+-------+-------++-------
Melee: Trident           |    76 |   269 |    30 ||   375
       Spear             |    17 |       |       ||    17
 Abil: Dig               |     2 |     8 |       ||    10
  Use: Potion            |     2 |     3 |     1 ||     6
       Scroll            |     1 |     4 |       ||     5
  Eat: Ration            |     2 |     3 |       ||     5
Armor: Scale mail        |    39 |    99 |       ||   138
       Chain mail        |       |    32 |    21 ||    53
Dodge: Dodged            |    33 |   118 |    11 ||   162
Block: Shield            |    54 |   151 |    16 ||   221
